 Dungeon Crawl Stone Soup version 0.29-a0-821-g66395355a5 (webtiles) character file.

Game seed: 1468544640671093748

6029 xian the Cruncher (level 10, -12/118 HPs)
             Began as a Demonspawn Fighter on July 7, 2022.
             Was an Initiate of Gozag.
             Killed from afar by a gargoyle (15 damage)
             ... with a stone arrow
             ... on level 7 of the Dungeon.
             The game lasted 00:20:59 (5702 turns).

xian the Cruncher (Demonspawn Fighter)              Turns: 5702, Time: 00:20:59

Health: -12/118    AC: 25    Str: 19 (20) XL:     10   Next: 56%
Magic:  0/10       EV:  2    Int: 13 (16) God:    Gozag
Gold:   1060       SH:  0    Dex: 11 (13) Spells: 9/9 levels left

rFire   + . .      SeeInvis .   l - +3 quarterstaff (chaos)
rCold   + . .      Faith    .   (shield currently unavailable)
rNeg    . . .      Spirit   +   (body armour currently unavailable)
rPois   +          Reflect  .   (helmet currently unavailable)
rElec   +          Harm     .   (cloak currently unavailable)
rCorr   +          Rampage  .   (gloves currently unavailable)
Will    .....      NoTele   +   (boots currently unavailable)
Stlth   ++........              h - amulet of regeneration
HPRegen 1.09/turn               v - +6 ring of intelligence
MPRegen 0.24/turn               (no ring)

@: tree-form, resistant, studying Unarmed Combat
A: stationary, stasis, torment immunity, boosted hp, (hooves 2), (spiny 1),
magic shield, magic regeneration, (sanguine armour 2)
a: Renounce Religion, Potion Petition, Call Merchant, Bribe Branch


You were on level 7 of the Dungeon.
You worshipped Gozag.
Gozag was most pleased with you.
You were a tree.
You visited 2 branches of the dungeon, and saw 9 of its levels.

You collected 1125 gold pieces.
You paid 65 gold pieces to Gozag.

Inventory:

Hand Weapons
 l - a +3 quarterstaff of chaos (weapon)
Missiles
 e - 2 throwing nets (quivered)
Armour
 a - a +0 chain mail of positive energy (melded)
 b - a +1 pair of gloves (melded)
 c - a +0 buckler
 m - a +1 cloak (melded)
Jewellery
 d - a ring of resist corrosion
 h - an amulet of regeneration (around neck)
 v - a +6 ring of intelligence (left branch)
Wands
 w - a wand of mindburst (19)
Scrolls
 f - 3 scrolls of teleportation
 k - a scroll of blinking
 o - a scroll of fog
 y - 3 scrolls of immolation
Potions
 g - a potion of attraction
 j - a potion of lignification
 p - a potion of ambrosia
 q - a potion of flight
 r - 2 potions of haste
 t - a potion of degeneration
 z - a potion of resistance


   Skills:
 + Level 7.6 Fighting
 + Level 3.2 Long Blades
 + Level 9.5 Staves
 + Level 0.1 Throwing
 + Level 8.3 Armour
 + Level 2.0 Dodging
 + Level 1.4 Stealth
 + Level 3.5 Shields


You had 9 spell levels left.
You didn't know any spells.
Your spell library contained the following spells:

 Spells                   Type           Power      Damage    Failure   Level
 Magic Dart               Conj           0%         1d3       30%         1
 Shock                    Conj/Air       0%         1d3       30%         1
 Blink                    Tloc           0%         N/A       43%         2
 Call Imp                 Summ           0%         N/A       43%         2
 Conjure Flame            Conj/Fire      0%         6-21      67%         3
 Ignite Poison            Fire/Tmut/Pois 0%         N/A       67%         3
 Lesser Beckoning         Tloc           0%         N/A       67%         3
 Mephitic Cloud           Conj/Pois/Air  0%         N/A       67%         3
 Animate Armour           Summ/Erth      0%         N/A       97%         4
 Sticky Flame             Conj/Fire      0%         2d3       97%         4
 Manifold Assault         Tloc           0%         N/A       100%        5
 Conjure Ball Lightning   Conj/Air       0%         3x3d6     100%        6
 Statue Form              Tmut/Erth      0%         N/A       100%        6
 Discord                  Hex            0%         N/A       100%        8
 Disjunction              Tloc           0%         N/A       100%        8
 Lehudib's Crystal Spear  Conj/Erth      0%         10d2      100%        8


Dungeon Overview and Level Annotations

Branches:
Dungeon (8/15)             Temple (1/1) D:4
   Lair: D:8-11

Altars:
Ashenzari
Cheibriados
Dithmenos
Fedhas
Gozag
Hepliaklqana
Kikubaaqudgha
Makhleb
Okawaru
Qazlal
Ru
Sif Muna
Trog
Uskayaw
Vehumet
Xom
Yredelemnul


Innate Abilities, Weirdness & Mutations

You are a tree.
Your roots penetrate the ground, keeping you stationary.
You cannot be teleported.
You are immune to unholy pain and torment.
Your maximum health is greatly increased.
Your equipment is partially melded.
((You have hoof-like feet.))
((You are partially covered in sharp spines.))
When hurt, damage is shared between your health and your magic reserves.
You regenerate magic rapidly.
((When seriously injured, your blood forms thick armour. (AC +0)))


Message History

You closely miss the gargoyle.
The gargoyle hurls a stone arrow at you.
The stone arrow hits you.
* * * LOW HITPOINT WARNING * * *
You hit the gargoyle but do no damage.
The gargoyle hits you but does no damage.
You sock the gargoyle! You burn the gargoyle.
The gargoyle is heavily damaged.
The boulder beetle curls into a ball and begins rolling!
You hit the gargoyle but do no damage.
The gargoyle is heavily damaged.
The gargoyle hits you with a +0 dire flail.
* * * LOW HITPOINT WARNING * * *
You hit the gargoyle but do no damage.
The gargoyle seems to speed up.
The gargoyle is heavily damaged.
The gargoyle hits you with a +0 dire flail!
* * * LOW HITPOINT WARNING * * *
The boulder beetle hits you.
* * * LOW HITPOINT WARNING * * *
The boulder beetle stops rolling and uncurls.
The gargoyle hits you with a +0 dire flail.
* * * LOW HITPOINT WARNING * * *
You hit the gargoyle. You freeze the gargoyle.
The gargoyle is severely damaged.
The boulder beetle bites you but does no damage.
The gargoyle hits you but does no damage.
You hit the gargoyle but do no damage.
Space warps around the gargoyle.
The gargoyle is almost destroyed.
The boulder beetle looks more healthy.
The boulder beetle bites you but does no damage.
The gargoyle hits you with a +0 dire flail.
* * * LOW HITPOINT WARNING * * *
The boulder beetle bites you.
* * * LOW HITPOINT WARNING * * *
It was a potion of resistance.
You feel protected.
The gargoyle hurls a stone arrow at you.
The stone arrow hits you!
You die...
Your body crumbles into a pile of gold.

*,,****>**,,* *,**, #..##**,**,**
*,,,, #....,,,,,,####***,
#...########..# **
*...#≈≈≈≈≈≈#..###
*#..#≈≈≈≈≈≈#....#
###..#≈≈≈≈≈≈#....#
#.9B.########....### *,#♣..#
#....≈..##≈ ####.###.##
#.......##≈
*#....B{...###.......##≈
**..###°###..####...#####
########..##..○..##..###.#......
#........##.......##........####
##.###.####.........########.# #≈
...##...##...........#,,,,,#.#*#≈
.#.#.#.#.#...._._....#,*,*,#..,#≈


You could see a boulder beetle (fast) and a gargoyle (fast).

Vanquished Creatures
  An ugly thing (D:7)
  Maggie (D:6)
  A kobold demonologist (D:7)
  Grinder (D:4)
  A troll (D:5)
  A shadow (D:7)
  The ghost of Veterankin the Digger, an amateur GrEE (D:4)
  Sigmund (D:2)
  Eustachio (D:4)
  2 steam dragons (D:7)
  An acid dragon (D:7)
  A water moccasin (D:7)
  4 orc warriors
  2 sky beasts
  2 black bears
  2 ice beasts
  5 ogres
  2 centaurs
  2 kobold brigands (D:7)
  6 bullfrogs
  3 necrophages (D:6)
  4 scorpions
  8 wights (D:7)
  A howler monkey (D:6)
  A gnoll bouda (D:7)
  2 jellies
  A hound (D:5)
  An orc priest (D:4)
  Crazy Yiuf (D:2)
  4 iguanas
  Natasha (thrice) (D:4)
  3 orc wizards (D:6)
  14 gnolls
  8 adders
  An ufetubus (D:4)
  2 worms (D:3)
  4 dart slugs
  21 orcs
  4 bats
  4 endoplasms
  2 giant cockroaches (D:4)
  3 goblins
  3 hobgoblins
  3 quokkas
  3 ball pythons
  2 frilled lizards
  12 kobolds
  3 rats (D:1)
159 creatures vanquished.

Vanquished Creatures (others)
  An ufetubus (D:7)
  A bat zombie (D:3)
  5 plants (D:5)
  6 withered plants (D:8)
13 creatures vanquished.

Grand Total: 172 creatures vanquished

Notes
Turn   | Place    | Note
-------+----------+-------------------------------------------
     0 | D:1      | xian the Demonspawn Fighter began the quest for the Orb.
     0 | D:1      | Reached XP level 1. HP: 18/18 MP: 1/1
   402 | D:1      | Gained mutation: You are partially covered in sharp spines.
                  | [demonic ancestry]
   402 | D:1      | Reached XP level 2. HP: 23/24 MP: 2/2
   858 | D:2      | Found a runed translucent door.
   859 | D:2      | Noticed Crazy Yiuf
   865 | D:2      | Killed Crazy Yiuf
   866 | D:2      | Reached XP level 3. HP: 28/29 MP: 3/3
  1253 | D:2      | Noticed Sigmund
  1262 | D:2      | Killed Sigmund
  1263 | D:2      | Gained mutation: You have large cloven feet. [demonic
                  | ancestry]
  1263 | D:2      | Reached XP level 4. HP: 17/37 MP: 4/4
  1263 | D:2      | Gained mutation: When seriously injured, your blood forms
                  | armour. (AC +0) [demonic ancestry]
  1263 | D:2      | Reached XP level 5. HP: 19/42 MP: 5/5
  1824 | D:3      | Found a faded altar of an unknown god.
  1829 | D:3      | Found a radiant altar of Vehumet.
  1927 | D:3      | Found a burning altar of Makhleb.
  1952 | D:3      | Reached skill level 1 in Staves
  1953 | D:3      | Gained mutation: You have hoof-like feet. [demonic
                  | ancestry]
  1953 | D:3      | Reached XP level 6. HP: 43/48 MP: 6/6
  2038 | D:3      | Found a faded altar of an unknown god.
  2239 | D:4      | Found a runed translucent gate.
  2240 | D:4      | Found a runed translucent gate.
  2251 | D:4      | Found a runed translucent gate.
  2253 | D:4      | Noticed Veterankin's ghost (amateur GrEE)
  2256 | D:4      | Noticed Eustachio
  2267 | D:4      | Killed Eustachio
  2268 | D:4      | Reached skill level 2 in Staves
  2278 | D:4      | Killed Veterankin's ghost
  2279 | D:4      | Reached skill level 5 in Armour
  2279 | D:4      | Gained mutation: You regenerate magic rapidly. [demonic
                  | ancestry]
  2279 | D:4      | Reached XP level 7. HP: 39/55 MP: 7/7
  2338 | D:4      | Noticed Grinder
  2368 | D:4      | Killed Grinder
  2369 | D:4      | Reached skill level 3 in Staves
  2385 | D:4      | Reached skill level 4 in Staves
  2408 | D:4      | Found a staircase to the Ecumenical Temple.
  2414 | Temple   | Entered the Ecumenical Temple
  2437 | Temple   | Became a worshipper of Gozag Ym Sagoz the Greedy
  2518 | D:4      | Noticed Natasha
  2520 | D:4      | Killed Natasha
  2659 | D:4      | Noticed Natasha
  2666 | D:4      | Killed Natasha
  2667 | D:4      | Gained mutation: When hurt, damage is shared between your
                  | health and your magic reserves. [demonic ancestry]
  2667 | D:4      | Reached XP level 8. HP: 56/61 MP: 8/8
  2731 | D:4      | Noticed Natasha
  2737 | D:4      | Killed Natasha
  2834 | D:5      | Entered Level 5 of the Dungeon
  2865 | D:5      | Reached skill level 5 in Fighting
  3020 | D:5      | Found a stormy altar of Qazlal.
  3132 | D:5      | Reached skill level 5 in Staves
  3154 | D:5      | Noticed a troll
  3165 | D:5      | Killed a troll
  3166 | D:5      | Reached skill level 1 in Dodging
  3493 | D:6      | Reached skill level 6 in Staves
  3544 | D:6      | Found a snail-covered altar of Cheibriados.
  3582 | D:6      | Reached XP level 9. HP: 28/69 MP: 3/9
  3881 | D:6      | Reached skill level 7 in Staves
  4204 | D:6      | Noticed Maggie
  4222 | D:6      | Killed Maggie
  4506 | D:7      | Got the Meditations on the Squall and the Geologist
  4570 | D:7      | Reached skill level 8 in Staves
  4744 | D:7      | Gained mutation: When seriously injured, your blood forms
                  | thick armour. (AC +0) [demonic ancestry]
  4744 | D:7      | Reached XP level 10. HP: 48/76 MP: 6/10
  4750 | D:7      | Reached skill level 1 in Stealth
  4814 | D:7      | Found a stormy altar of Qazlal.
  4815 | D:7      | Found an ancient bone altar of Kikubaaqudgha.
  4816 | D:7      | Found a hide-covered altar of Uskayaw.
  4816 | D:7      | Found a hide-covered altar of Uskayaw.
  4818 | D:7      | Noticed a gargoyle
  5080 | D:7      | Reached skill level 9 in Staves
  5122 | D:7      | Noticed a green ugly thing
  5126 | D:7      | Noticed a boulder beetle
  5139 | D:7      | Killed a green ugly thing
  5701 | D:7      | HP: 5/118 [gargoyle/+0 dire flail (2)]
  5701 | D:7      | HP: 2/118 [boulder beetle (3)]
  5702 | D:7      | Killed from afar by a gargoyle

Illustrated notes

Levels and vault maps discovered:
D:1:      dpeg_arrival_simpleton_b, layout_basic
D:2:      layout_loops_ring, uniq_crazy_yiuf_cottage, uniq_sigmund
D:3:      layout_loops_ring, marbit_many_paths,
          nicolae_overflow_ecumenical_swirl, shapermc_ecumenical_altar_pompeii
D:4:      layout_rooms, minmay_temple_entry_glassed_door,
          ebering_ghost_rock_garden, kennysheep_generic_room_15, uniq_grinder,
          uniq_eustachio, uniq_natasha
D:5:      layout_cave_pools, nicolae_overflow_hidden_temple, nrook_mini_vaults,
          kennysheep_crisscross, serial_bayou_ford_a, minmay_manual_monstrance
D:6:      layout_basic, mainiacjoe_overflow_24_doors,
          kennysheep_generic_room_12, uniq_maggie
D:7:      minmay_the_grid_octo_tiled_squarecenter [minmay_the_grid_octo_toaster,
          minmay_the_grid_octo_thin_diamonds, minmay_the_grid_octo_shrine,
          minmay_the_grid_octo_fan_narrow,
          minmay_the_grid_square_5x5_megaprize_diamond,
          minmay_the_grid_square_5x5_meh, minmay_the_grid_square_5x5_one_wall,
          minmay_the_grid_square_5x5_c, minmay_the_grid_square_5x5_v],
          layout_loops_cross, mainiacjoe_overflow_surrounded_room,
          serial_aquarium, aquarium_bridge_straight [aquarium_subvault_bridge,
          aquarium_subvault_window, aquarium_subvault_bridge,
          aquarium_subvault_wall], aquarium_bridge_island_small
          [aquarium_subvault_small_open, aquarium_subvault_window,
          aquarium_subvault_wall, aquarium_subvault_bridge,
          aquarium_subvault_window], aquarium_window_1, aquarium_window_1,
          aquarium_view_2f, aquarium_view_2f, aquarium_balcony_5b
D:8:      minmay_skewed_foursquare, layout_loops_ring,
          mainiacjoe_overflow_brackets, kiku_gazebo_garden_becter
Temple:   hellmonk_temple_two_chambers

Skill      XL: |  1  2  3  4  5  6  7  8  9 10 |
---------------+-------------------------------+-----
Long Blades    | 2 3 |  3.2
Armour         | 3 4 5 6 7 8 |  8.3
Shields        | 3 |  3.5
Fighting       | 4 5 6 7 |  7.6
Staves         | 1 2 4 6 8 9 |  9.5
Dodging        | 1 2 |  2.0
Stealth        | 1 |  1.4
Throwing       | |  0.1

Action                   |  1- 3 |  4- 6 |  7- 9 | 10-12 || total
-------------------------+-------+-------+-------+-------++-------
Melee: Long sword        |    37 |       |       |       ||    37
       Quarterstaff      |    13 |    50 |   205 |   126 ||   394
       Kick              |       |     9 |    65 |    28 ||   102
Throw: Throwing net      |       |     1 |       |       ||     1
  Use: Potion            |     1 |     1 |     2 |     6 ||    10
       Scroll            |       |     6 |     2 |    10 ||    18
 Stab: Paralysed         |       |       |     2 |       ||     2
       Distracted        |       |       |       |     1 ||     1
Armor: Scale mail        |    24 |       |       |       ||    24
       Chain mail        |     1 |    52 |   106 |    46 ||   205
       Skin              |       |       |       |    13 ||    13
Dodge: Dodged            |    19 |    25 |    66 |    43 ||   153
Block: Buckler           |     6 |       |       |       ||     6

Table legend: (Time is in decaauts)
 A = Elapsed time spent in this place.
 B = Non-inter-level travel time spent in this place.
 C = Inter-level travel time spent in this place.
 D = Time resting spent in this place.
 E = Time spent auto-exploring this place.
 F = Levels seen in this place.
 G = Mean time per level.
                   A        B        C        D        E       F      G
               +--------+--------+--------+--------+--------+-----+--------+
         Total |   5724 |   5607 |    117 |    296 |   3578 |   9 |  636.0 |
       Dungeon |   5659 |   5542 |    117 |    296 |   3568 |   8 |  707.4 |
        Temple |     64 |     64 |      0 |      0 |     10 |   1 |   64.0 |
               +--------+--------+--------+--------+--------+-----+--------+

Top non-repeatable levels by time:
     D:6: 1170 daAuts
     D:7: 878 daAuts
     D:1: 781 daAuts
     D:2: 717 daAuts
     D:3: 682 daAuts
     D:5: 660 daAuts
     D:4: 619 daAuts
     D:8: 147 daAuts
  Temple: 64 daAuts
